 Dungeon Crawl Stone Soup version 0.18.1-1-g2f07953 (webtiles) character file.

25 barb4r1an the Sneak (level 2, 0/19 HPs)
             Began as a Vampire Enchanter on May 7, 2016.
             Succumbed to a goblin's poison
             ... on level 1 of the Dungeon.
             The game lasted 00:02:19 (612 turns).

barb4r1an the Sneak (Vampire Enchanter)              Turns: 612, Time: 00:02:20

Health: 0/19       AC:  6    Str:  7    XL:     2   Next: 82%
Magic:  5/5        EV: 10    Int: 17    God:
Gold:   83         SH:  0    Dex: 14    Spells: 2 memorised, 2 levels left

rFire  . . .     SeeInvis +     b - +1 dagger (venom)
rCold  . . .     Gourm    .     o - +0 ring mail
rNeg   + . .     Faith    .     (no shield)
rPois  .         Spirit   .     m - +0 helmet
rElec  .         Dismiss  .     (no cloak)
rCorr  .         Reflect  .     (no gloves)
SustAt .         Harm     .     (no boots)
MR     .....                    (no amulet)
Stlth  +++.......               (no ring)
                                (no ring)

@: lethally poisoned (0 -> -4), very slightly contaminated, not resistant to
hostile enchantments, fairly stealthy
A: fangs 3, see invisible, unbreathing
a: no special abilities


You were on level 1 of the Dungeon.
You were not thirsty.

You visited 1 branch of the dungeon, and saw 2 of its levels.

You collected 83 gold pieces.

Inventory:

Hand Weapons
 a - a +1 dagger
 b - a +1 dagger of venom (weapon)
 n - a +0 vampiric dagger
Armour
 m - a +0 helmet (worn)
 o - a +0 ring mail (worn)
Scrolls
 e - a scroll of magic mapping {unknown}
 h - a scroll of identify {unknown}
 i - a scroll of remove curse {unknown}
 j - a scroll of blinking {unknown}
 l - 2 scrolls of teleportation {unknown}
Potions
 d - a potion of blood
Books
 c - a book of Maledictions

   Spells                             Type                      Level
   a - Corona                         Hexes                        1
   b - Ensorcelled Hibernation        Hexes/Ice                    2
   c - Confuse                        Hexes                        3
   d - Tukima's Dance                 Hexes                        3
   e - Dazzling Spray                 Conjuration/Hexes            3


   Skills:
 + Level 1.4 Short Blades
 + Level 2.3 Dodging
 + Level 5.1 Stealth
 + Level 2.4 Spellcasting
 + Level 4.5 Hexes


You had 2 spell levels left.
You knew the following spells:

 Your Spells              Type           Power        Failure   Level  Hunger
a - Corona                Hex            ###....      12%         1    #......
b - Ensorcelled Hibernat  Hex/Ice        #.....       45%         2    ##.....


Dungeon Overview and Level Annotations

Branches:
Dungeon (2/15)

Altars:


Innate Abilities, Weirdness & Mutations

You have razor-sharp teeth.
You have supernaturally acute eyesight.
You can survive without breathing.


Message History

Your +1 dagger of venom begins to drip with poison!
b - a +1 dagger of venom (weapon)
You feel sick.
There is a stone staircase leading down here.
Drink which item? (? for menu, Esc to quit)
Okay, then.
* * * LOW HITPOINT WARNING * * *
You feel sick.
* * * LOW HITPOINT WARNING * * *
You feel sick.
* * * LOW HITPOINT WARNING * * *
You feel sick.
* * * LOW HITPOINT WARNING * * *
You feel sick.
* * * LOW HITPOINT WARNING * * *
You feel sick.
* * * LOW HITPOINT WARNING * * *
You feel sick.
There is a stone staircase leading down here.
You die...

##..........................#
###+######.................##
.......# #..###).#........##
.)...#.###..###..##..##..##
(............##....#######
......###.....#....#
......#.'.....#....#
##..#.#.#......#...#
##....#.#......#@..#
..#.....#......#...#
#.##########'#.#>###
#............#...#
####.....#####.#.#
#.###.#.....#.# #.#
#.#.#####.# #.# #.#.# #.# #.#
#.#.#####.#


There were no monsters in sight!

Vanquished Creatures
  4 dart slugs (D:1)
  3 goblins (D:1)
  2 hobgoblins (D:1)
  A kobold (D:1)
  2 bats (D:1)
  2 giant newts (D:1)
  3 rats (D:1)
17 creatures vanquished.

Notes
Turn   | Place    | Note
--------------------------------------------------------------
     0 | D:1      | barb4r1an the Vampire Enchanter began the quest for the Orb.
     0 | D:1      | Reached XP level 1. HP: 13/13 MP: 3/3
   162 | D:1      | Reached XP level 2. HP: 16/19 MP: 5/5
   166 | D:1      | Learned a level 2 spell: Ensorcelled Hibernation
   448 | D:1      | Reached skill level 5 in Stealth
   612 | D:1      | Succumbed to a goblin's poison

Skill      XL: |  1  2 |
---------------+-------+-----
Stealth        | 5 |  5.1
Short Blades   | |  1.4
Dodging        | |  2.3
Spellcasting   | |  2.4
Hexes          | |  4.5

Action                   || total
-------------------------++-------
Melee: Dagger            ||    62
       Bite              ||     4
 Cast: Ensorcelled Hiber ||     2
  Use: Potion            ||     3
 Stab: Distracted        ||     1
       Sleeping          ||     6
Armor: Robe              ||    11
       Ring mail         ||     9
Dodge: Dodged            ||    30
